 Dungeon Crawl Stone Soup version 0.29-a0-813-g4a14ea37d6 (webtiles) character file.

Game seed: 18357430888647416015

209 purpskrrrp the Cudgeller (level 5, 0/52 HPs)
             Began as a Troll Fighter on July 4, 2022.
             Slain by a bullfrog (2 damage)
             ... in a sewer.
             The game lasted 00:09:16 (2110 turns).

purpskrrrp the Cudgeller (Troll Fighter)            Turns: 2110, Time: 00:09:16

Health: 0/52       AC:  4    Str: 26    XL:     5   Next: 55%
Magic:  4/4        EV:  9    Int:  4    God:
Gold:   100        SH:  7    Dex:  9    Spells: 4/4 levels left

rFire   . . .      SeeInvis .   a - +0 flail
rCold   . . .      Faith    .   c - +0 kite shield
rNeg    . . .      Spirit   .   b - +0 robe
rPois   .          Reflect  .   (helmet restricted)
rElec   .          Harm     .   (no cloak)
rCorr   .          Rampage  .   (gloves unavailable)
Will    .....                   (boots unavailable)
Stlth   +.........              (no amulet)
HPRegen 0.97/turn               (no ring)
MPRegen 0.09/turn               (no ring)

@: mighty, very slow
A: large, unfitting armour, claws 3, regeneration 1, shaggy fur 1, tough skin 1
a: no special abilities


You were in a sewer.
You visited 1 branch of the dungeon, and saw 3 of its levels.
You also visited: Sewer.

You collected 100 gold pieces.

Inventory:

Hand Weapons
 a - a +0 flail (weapon)
Missiles
 e - 5 boomerangs
Armour
 b - a +0 robe (worn)
 c - a +0 kite shield (worn)
Magical Staves
 g - a staff of earth
Scrolls
 f - 2 scrolls of identify
 i - a scroll of magic mapping {unknown}
 j - a scroll of torment {unknown}
 l - 2 scrolls of teleportation {unknown}
 o - a scroll of fear {unknown}
 p - 2 scrolls of immolation {unknown}
 r - a scroll of amnesia {unknown}
 s - a scroll of enchant armour {unknown}
Potions
 d - 3 potions of might
 h - a potion of magic
 k - a potion of curing {unknown}
 m - 3 potions of berserk rage {unknown}
 q - a potion of mutation {unknown}


   Skills:
 + Level 2.9 Fighting
 * Level 3.8 Maces & Flails
 * Level 3.3 Dodging
 + Level 0.2 Stealth
 + Level 3.2 Shields


You had 4 spell levels left.
You didn't know any spells.
Your spell library contained the following spells:

 Spells                   Type           Power      Damage    Failure   Level
 Gell's Gravitas          Tloc           0%         N/A       99%         3
 Lesser Beckoning         Tloc           0%         N/A       99%         3
 Teleport Other           Tloc           0%         N/A       99%         3
 Dispersal                Tloc           0%         N/A       100%        6


Dungeon Overview and Level Annotations

Branches:
Dungeon (3/15)              Sewer (1/1)

Altars:


Innate Abilities, Weirdness & Mutations

You are too large for most types of armour.
You have claws for hands.
Your natural rate of healing is unusually fast.
You are covered in fur. (AC +1)
You have tough skin. (AC +1)


Message History

You enter the shallow water.
Moving in this stuff is going to be slow.
The bullfrog hits you.
* * * LOW HITPOINT WARNING * * *
You feel very mighty all of a sudden. The bullfrog hits you.
* * * LOW HITPOINT WARNING * * *
You hit the adder.
The adder is severely wounded.
The bullfrog barely misses you. The adder barely misses you.
The ball python barely misses you.
The bullfrog hits you but does no damage.
The adder bites you but does no damage.
You barely miss the adder.
The adder is severely wounded.
The bullfrog hits you.
* * * LOW HITPOINT WARNING * * *
You block the ball python's attack. The adder closely misses you.
You block the bullfrog's attack.
The ball python bites you but does no damage.
The adder bites you.
* * * LOW HITPOINT WARNING * * *
You are poisoned.
The adder poisons you!
You thump the bullfrog!
The bullfrog is heavily wounded.
You feel sick. You block the bullfrog's attack.
The ball python barely misses you. The bullfrog barely misses you.
The adder bites you but does no damage. You block the ball python's attack.
The bullfrog closely misses you.
You barely miss the ball python.
You feel sick. The adder bites you but does no damage.
The ball python barely misses you.
The bullfrog hits you but does no damage.
The adder barely misses you. You block the ball python's attack.
You sock the bullfrog!
You kill the bullfrog!
You feel sick.
You are no longer poisoned.
You block the adder's attack. The bullfrog hits you.
You die...

############# #####.≈≈.≈≈.≈≈.≈#
###†∩..≈≈.≈≈≈≈≈≈.≈#
#≈...≈#########...#
#∩≈≈####≈≈≈.≈..≈≈.≈####
#####≈≈≈≈#####≈≈≈≈≈#.≈##
##≈≈≈≈.≈.#≈∩.#######≈≈≈####
##.≈≈≈≈####.≈≈≈SSS.#.≈≈≈≈≈≈##
##≈≈≈†###≈≈≈.≈..@FS≈##≈≈#≈≈≈≈##
#.≈≈≈##.≈≈≈≈#######≈≈#†≈##.≈.≈#
#.≈.##≈≈.≈###≈≈.≈≈#≈≈##≈.##≈≈≈##
.≈≈.#.≈≈≈##≈≈≈..FS≈F≈≈#≈≈≈#≈≈≈≈#
≈≈≈##≈≈≈##≈≈≈≈≈.S§.≈≈≈#≈≈≈##≈≈≈##
≈≈≈#≈≈≈≈# ≈.≈≈..≈$≈.≈≈#≈≈≈≈#≈≈≈.#
.≈≈#≈≈≈≈# ≈≈.≈..?[?..≈#.≈≈≈#≈≈.∩#
≈≈≈#≈≈≈≈# ≈≈.≈.$!(.≈≈≈#≈≈≈≈#≈≈≈.#
≈†≈##≈≈≈##≈≈≈≈≈≈..≈≈≈##†≈.##≈≈≈##


You could see a bullfrog, an adder and 3 ball pythons.

Vanquished Creatures
  A bullfrog (Sewer)
  Terence (D:3)
  9 adders
  3 worms
  3 dart slugs
  4 ball pythons
  4 bats
  14 endoplasms
  7 giant cockroaches (Sewer)
  3 goblins
  3 hobgoblins
  7 jackals
  5 quokkas
  11 frilled lizards
  5 kobolds
  6 rats
86 creatures vanquished.

Vanquished Creatures (others)
  2 plants (D:3)
2 creatures vanquished.

Grand Total: 88 creatures vanquished

Notes
Turn   | Place    | Note
-------+----------+-------------------------------------------
     0 | D:1      | purpskrrrp the Troll Fighter began the quest for the Orb.
     0 | D:1      | Reached XP level 1. HP: 22/22 MP: 0/0
   109 | D:1      | Reached XP level 2. HP: 20/29 MP: 1/1
   391 | D:1      | Reached XP level 3. HP: 32/36 MP: 2/2
   905 | D:2      | Reached XP level 4. HP: 44/44 MP: 3/3
  1423 | D:3      | Noticed Terence
  1430 | D:3      | Killed Terence
  1431 | D:3      | Reached XP level 5. HP: 50/50 MP: 4/4
  1866 | D:3      | Found a glowing drain.
  1875 | Sewer    | Entered a sewer
  2110 | Sewer    | HP: 2/52 [poisoned by an adder]
  2110 | Sewer    | Slain by a bullfrog

Illustrated notes

Levels and vault maps discovered:
D:1:      amcnicky_arrival_underground_garden, layout_rooms
D:2:      layout_basic, grunt_decor_cap
D:3:      layout_loops_cross, cheibrodos_sewer_entry_bend,
          guppyfry_early_lair_pool, uniq_terence
Sewer:    sewer_frog_island_02

Skill      XL: |  1  2  3  4 |
---------------+-------------+-----
Maces & Flails | 2 3 |  3.8
Shields        | 3 |  3.2
Dodging        | 3 |  3.3
Fighting       | |  2.9
Stealth        | |  0.2

Action                   |  1- 3 |  4- 6 || total
-------------------------+-------+-------++-------
Melee: Flail             |   105 |   152 ||   257
  Use: Scroll            |     2 |     1 ||     3
       Potion            |       |     1 ||     1
 Stab: Sleeping          |       |     1 ||     1
Armor: Robe              |    48 |    77 ||   125
Dodge: Dodged            |    39 |    92 ||   131
Block: Kite shield       |    63 |    75 ||   138

Table legend: (Time is in decaauts)
 A = Elapsed time spent in this place.
 B = Non-inter-level travel time spent in this place.
 C = Inter-level travel time spent in this place.
 D = Time resting spent in this place.
 E = Time spent auto-exploring this place.
 F = Levels seen in this place.
 G = Mean time per level.
                   A        B        C        D        E       F      G
               +--------+--------+--------+--------+--------+-----+--------+
         Total |   2267 |   1736 |    531 |      0 |    938 |   4 |  566.8 |
       Dungeon |   1943 |   1412 |    531 |      0 |    929 |   3 |  647.7 |
         Sewer |    323 |    323 |      0 |      0 |      8 |   1 |  323.0 |
               +--------+--------+--------+--------+--------+-----+--------+

Top non-repeatable levels by time:
     D:2: 848 daAuts
     D:3: 568 daAuts
     D:1: 526 daAuts
   Sewer: 323 daAuts
